 Dungeon Crawl Stone Soup version 0.20.1-1-g8b1a95d (webtiles) character file.

65 Frqise the Ruffian (level 4, -1/33 (38) HPs)
             Began as a Ghoul Monk on July 5, 2017.
             Slain by Robin
             ... wielding a +0 spear
              (2 damage)
             ... on level 2 of the Dungeon.
             The game lasted 00:05:58 (1727 turns).

Frqise the Ruffian (Ghoul Monk)                     Turns: 1727, Time: 00:05:58

HP:   -1/33 (38)    AC:  2    Str: 14    XL:     4   Next: 13%
MP:   3/3           EV: 13    Int:  5    God:
Gold: 97            SH:  0    Dex: 12    Spells: 3/3 levels left

rFire    x . .     SeeInvis .     - Unarmed
rCold    + + .     Gourm    .   (no shield)
rNeg     + + +     Faith    .   a - +0 robe
rPois    ∞         Spirit   .   (no helmet)
rElec    .         Reflect  .   (no cloak)
rCorr    .         Harm     .   (no gloves)
MR       .....                  (no boots)
Stlth    ++........             (no amulet)
Regen    0.0/turn               g - ring of ice
MPRegen  0.1/turn               (no ring)

@: rotting, hasted, very quick
A: rotting body, claws 1, carnivore 3, cold resistance 1, negative energy
resistance 3, inhibited regeneration, torment resistance, unbreathing
a: no special abilities


You were on level 2 of the Dungeon.
You were not hungry.

You visited 1 branch of the dungeon, and saw 2 of its levels.

You collected 97 gold pieces.

Inventory:

Missiles
 k - a throwing net (quivered)
 l - 7 needles of sleeping
Armour
 a - a +0 robe (worn)
Jewellery
 g - a ring of ice (left claw)
 i - an uncursed ring of magical power
Scrolls
 c - a scroll of identify
 f - a scroll of remove curse {unknown}
Potions
 e - a potion of lignification
Comestibles
 b - 3 meat rations
 j - 3 fruits


   Skills:
 + Level 3.5 Fighting
 + Level 3.1 Dodging
 + Level 2.6 Stealth
 + Level 4.4 Unarmed Combat


You had 3 spell levels left.
You didn't know any spells.

Dungeon Overview and Level Annotations

Branches:
Dungeon (2/15)

Altars:
Gozag

Annotations:
D:2 Robin


Innate Abilities, Weirdness & Mutations

Your body is rotting away.
You thrive on raw meat.
You are immune to poison.
You have sharp fingernails.
You are carnivorous and can eat meat at any time.
Your flesh is cold resistant. (rC+)
You are immune to negative energy. (rN+++)
You do not regenerate when monsters are visible.
You are immune to unholy pain and torment.
You can survive without breathing.


Message History

You claw the goblin!
You kill the goblin!
You closely miss the goblin.
The goblin no longer looks unusually strong.
The goblin goes into a battle-frenzy!
The goblin misses you.
You barely miss the goblin. The goblin closely misses you. Something hits you.
* * * LOW HITPOINT WARNING * * *
It was a potion of haste.
You feel yourself speed up. The goblin closely misses you.
A goblin comes into view. It is wielding a club.
It was a potion of lignification.
You feel woody for a moment.
The goblin moves out of view.
It was a potion of berserk rage.
You cannot raise a blood rage in your lifeless body.
The goblin completely misses you.
You claw the goblin!
You kill the goblin!
Something hits you.
You die...

# #..# #... #. #.##
#... #. #.# #...
#.###.# #... #.....# #
#... ####.## %# #÷<)
####.(..# .# ##<)
#####....##)##### .#
##.
.......).##@.)g.#.# ##
.........######g†.#
..................#
.........######.......
.........# ...#####
########## .g...
.###### g g#


You could see 2 goblins.

Vanquished Creatures
  An adder (D:2)
  2 worms
  A dart slug (D:1)
  3 leopard geckos
  3 bats (D:1)
  2 giant cockroaches (D:1)
  14 goblins
  5 hobgoblins
  7 kobolds (D:1)
  A rat (D:2)
39 creatures vanquished.

Notes
Turn   | Place    | Note
-------+----------+-------------------------------------------
     0 | D:1      | Frqise the Ghoul Monk began the quest for the Orb.
     0 | D:1      | Reached XP level 1. HP: 19/19 MP: 0/0
   159 | D:1      | Reached XP level 2. HP: 24/24 MP: 1/1
  1076 | D:1      | Reached XP level 3. HP: 21/25 MP: 2/2
  1345 | D:2      | Reached skill level 4 in Unarmed Combat
  1603 | D:2      | Found an opulent altar of Gozag.
  1696 | D:2      | Noticed Robin
  1710 | D:2      | Reached XP level 4. HP: 27/33 MP: 3/3
  1723 | D:2      | HP: 1/33 [something (6)]
  1727 | D:2      | Slain by Robin

Skill      XL: |  1  2  3 |
---------------+----------+-----
Dodging        | 3 |  3.1
Unarmed Combat | 4 |  4.4
Fighting       | |  3.5
Stealth        | |  2.6

Action                   |  1- 3 |  4- 6 || total
-------------------------+-------+-------++-------
Melee: Unarmed           |    96 |    11 ||   107
  Use: Scroll            |     2 |       ||     2
       Potion            |       |     3 ||     3
 Stab: Sleeping          |     4 |       ||     4
  Eat: Chunk             |     3 |       ||     3
Armor: Robe              |    11 |     2 ||    13
Dodge: Dodged            |    61 |    10 ||    71
